 Dungeon Crawl Stone Soup version 0.31-a0-1626-g5cb510d322 (webtiles) character file.

Game seed: 473968708342796010

54 burgermaster696 the Grave Robber (level 3, -5/26 HPs)
             Began as a Demonspawn Necromancer on Jan 12, 2024.
             Slain by a cerulean imp
             ... wielding a +2 spear
             ... summoned by Natasha
              (6 damage)
             ... on level 2 of the Dungeon.
             The game lasted 00:11:09 (1434 turns).

burgermaster696 the Grave Robber (DsNe)             Turns: 1434, Time: 00:11:11

Health: -5/26      AC:  6    Str: 10    XL:     3   Next: 66%
Magic:  0/6        EV: 12    Int: 15    God:
Gold:   95         SH:  0    Dex: 13    Spells: 2/6 levels left

rFire   . . .        c - +1 dagger
rCold   . . .        (no shield)
rNeg    . . .        a - +1 robe
rPois   .            h - +1 hat
rElec   .            (no cloak)
rCorr   .            (no gloves)
SInv    .            (no boots)
Will    .....        (no amulet)
Stlth   ++           (no ring)
HPRegen 0.24/turn    (no ring)
MPRegen 0.10/turn

%: no passive effects
@: slowed, very slow
A: slimy green scales 1
a: no special abilities


You were on level 2 of the Dungeon.
You visited 1 branch of the dungeon, and saw 2 of its levels.

You collected 95 gold pieces.

Inventory:

Hand Weapons
 c - a +1 dagger (weapon)
Armour
 a - a +1 robe (worn)
 h - a +1 hat (worn)
Scrolls
 g - a scroll of identify
Potions
 b - a potion of magic


   Skills:
 + Level 1.0 Fighting
 + Level 2.3 Dodging
 + Level 2.3 Stealth
 + Level 2.4 Spellcasting
 + Level 4.7 Necromancy


You had 2 spell levels left.
You knew the following spells:

 Your Spells              Type           Power      Damage    Failure   Level
a - Necrotise             Necr           64%        1d7       3%          1
b - Vampiric Draining     Necr           16%        2d7       9%          3

Your spell library contained the following spells:

 Spells                   Type           Power      Damage    Failure   Level
 Animate Dead             Necr           16%        N/A       30%         4
 Curse of Agony           Necr           16%        N/A       63%         5


Dungeon Overview and Level Annotations

Branches:
Dungeon (2/15)

Altars:

Annotations:
D:2 Natasha


Innate Abilities, Weirdness & Mutations

You are partially covered in slimy green scales. (AC +2)


Message History

Natasha mumbles some strange words.
Natasha glows brightly for a moment.
Natasha mumbles some strange words.
The cerulean imp hits you but does no damage.
Natasha closely misses you.
The cerulean imp hits you with a +2 spear.
* * * LOW HITPOINT WARNING * * *
You feel better. Natasha closely misses you. The cerulean imp misses you.
The cerulean imp hits you with a +2 spear.
* * * LOW HITPOINT WARNING * * *
Aiming: Necrotise (safe; 3% risk of failure)
Press: ? - help, Q - select action Shift-Dir - straight line, f/p - Natasha
Aim: Natasha (severely wounded, chance to affect: 73%) Natasha struggles to resist.
Natasha casts a spell at you. The magic dart hits you.
* * * LOW HITPOINT WARNING * * *
The cerulean imp hits you with a +2 spear.
* * * LOW HITPOINT WARNING * * *
The cerulean imp hits you with a +1 spear.
* * * LOW HITPOINT WARNING * * *
Natasha barely misses you. The cerulean imp misses you.
The cerulean imp hits you but does no damage.
You closely miss Natasha.
Natasha is severely wounded.
Natasha misses you. The cerulean imp closely misses you.
The cerulean imp hits you but does no damage.
You hit Natasha.
Natasha is almost dead.
Natasha casts a spell at you.
The magic dart hits you but does no damage.
The cerulean imp hits you but does no damage.
The cerulean imp closely misses you.
Natasha mumbles some strange words.
You feel troubled. Natasha barely misses you.
The cerulean imp hits you with a +1 spear.
* * * LOW HITPOINT WARNING * * *
The cerulean imp hits you with a +2 spear.
You die...

.. #. .... #. ### ...
#. ####.. ..
#.#####....# #.#
#........####..######
#.........##.........
#..........#.#.......
#.......@h...........
#......55..#.########
#..........#.#
#...รท......#.#
#............#
#..........###
#.######..## # #.#
#..... ### #.#
#.#####


You could see Natasha and 2 cerulean imps.

Vanquished Creatures
  Natasha (D:2)
  A ribbon worm (D:2)
  A bat (D:1)
  5 endoplasms
  2 goblins
  2 hobgoblins (D:2)
  A kobold (D:1)
  A quokka (D:2)
  7 ball pythons
  A frilled lizard (D:1)
  3 rats
25 creatures vanquished.

Vanquished Creatures (collateral kills)
  A kobold (D:1)
1 creature vanquished.

Grand Total: 26 creatures vanquished

Notes
Turn   | Place    | Note
-------+----------+-------------------------------------------
     0 | D:1      | burgermaster696 the Demonspawn Necromancer began the quest
                  | for the Orb.
     0 | D:1      | Reached XP level 1. HP: 13/13 MP: 3/3
   552 | D:1      | Gained mutation: You are partially covered in slimy green
                  | scales. (AC +2) [demonic ancestry]
   552 | D:1      | Reached XP level 2. HP: 17/19 MP: 5/5
  1031 | D:2      | Noticed Natasha
  1041 | D:2      | Killed Natasha
  1042 | D:2      | Reached XP level 3. HP: 25/25 MP: 1/6
  1184 | D:2      | Noticed Natasha
  1245 | D:2      | Reached skill level 1 in Fighting
  1362 | D:2      | Learned a level 3 spell: Vampiric Draining
  1430 | D:2      | HP: 1/26 [cerulean imp/+2 spear[Natasha] (3)]
  1434 | D:2      | Slain by a cerulean imp

Illustrated notes

Levels and vault maps discovered:
D:1:      dpeg_arrival_another_circle, layout_loops_ring, serial_bayou,
          serial_bayou_pond_d, serial_bayou_pond_e, serial_bayou_shore_a,
          serial_bayou_pond_d, hangedman_decor_opposing
D:2:      layout_rooms, uniq_natasha, uniq_crazy_yiuf_cottage

Skill      XL: |  1  2  3 |
---------------+----------+-----
Dodging        | 2 |  2.3
Stealth        | 2 |  2.3
Fighting       | 1 |  1.0
Spellcasting   | |  2.4
Necromancy     | |  4.7

Action                     || total
---------------------------++-------
  Melee: Dagger            ||    68
         Unarmed           ||     4
         Punch             ||     2
   Cast: Necrotise         ||    39
    Use: Scroll            ||     6
         Potion            ||     3
 Armour: Robe              ||    93
  Dodge: Dodged            ||   117

Table legend: (Time is in decaauts)
 A = Elapsed time spent in this place.
 B = Non-inter-level travel time spent in this place.
 C = Inter-level travel time spent in this place.
 D = Time resting spent in this place.
 E = Time spent auto-exploring this place.
 F = Levels seen in this place.
 G = Mean time per level.
                   A        B        C        D        E       F      G
               +--------+--------+--------+--------+--------+-----+--------+
         Total |   1463 |   1375 |     88 |     84 |    281 |   2 |  731.5 |
       Dungeon |   1463 |   1375 |     88 |     84 |    281 |   2 |  731.5 |
               +--------+--------+--------+--------+--------+-----+--------+

Top non-repeatable levels by time:
     D:1: 978 daAuts
     D:2: 484 daAuts
